 Dungeon Crawl Stone Soup version 0.29-a0-344-ge2f44be95a (webtiles) character file.

Game seed: 229552017232398499

48 spaghetti the Caller (level 3, 22/28 HPs)
             Began as a Deep Dwarf Summoner on Apr 21, 2022.
             Quit the game on level 3 of the Dungeon.
             The game lasted 00:03:53 (2528 turns).

spaghetti the Caller (Deep Dwarf Summoner)          Turns: 2528, Time: 00:03:54

Health: 22/28      AC:  2    Str: 11 (13) XL:     3   Next: 50%
Magic:  0/4        EV: 12    Int: 14 (15) God:
Gold:   107        SH:  0    Dex: 10 (13) Spells: 2/5 levels left

rFire   . . .      SeeInvis .   h - +2 hand axe (elec) {axe}
rCold   . . .      Faith    .   (no shield)
rNeg    . . .      Spirit   .   a - +0 robe
rPois   .          Reflect  .   (no helmet)
rElec   .          Harm     .   (no cloak)
rCorr   .          Rampage  .   (no gloves)
Will    .....                   (no boots)
Stlth   ++........              (no amulet)
HPRegen 0.00/turn               (no ring)
MPRegen 0.09/turn               (no ring)

@: no status effects
A: damage resistance, heal wounds, sense surroundings 1, no regeneration
a: Heal Wounds


You were on level 3 of the Dungeon.
You visited 1 branch of the dungeon, and saw 3 of its levels.

You collected 107 gold pieces.


Innate Abilities, Weirdness & Mutations

You are resistant to damage.
You can heal yourself by infusing magical energy.
You passively map a small area around you.
You do not regenerate.


   Skills:
 + Level 1.1 Axes
 * Level 3.2 Armour
 - Level 2.1 Dodging
 - Level 2.4 Stealth
 - Level 1.7 Spellcasting
 - Level 3.6 Summonings


You had 2 spell levels left.
You knew the following spells:

 Your Spells              Type           Power      Damage    Failure   Level
a - Summon Small Mammal   Summ           44%        N/A       5%          1
b - Call Imp              Summ           11%        N/A       9%          2

Your spell library contained the following spells:

 Spells                   Type           Power      Damage    Failure   Level
 Call Canine Familiar     Summ           11%        N/A       17%         3
 Summon Guardian Golem    Hex/Summ       6%         N/A       34%         3
 Summon Lightning Spire   Summ/Air       6%         N/A       75%         4

Inventory:

Hand Weapons
 c - a +0 short sword of venom {short}
   (You took it off a kobold on level 1 of the Dungeon)
 e - a +0 hand axe {axe}
   (You found it on level 1 of the Dungeon)
 h - a +2 hand axe of electrocution (weapon) {axe}
   (You found it on level 1 of the Dungeon)
Missiles
 g - 5 stones {throwing}
Armour
 a - a +0 robe (worn)
 p - a +0 helmet
   (You found it on level 2 of the Dungeon)
 q - a +0 pair of gloves
   (You found it on level 2 of the Dungeon)
Scrolls
 d - a scroll of vulnerability {unknown}
 f - a scroll of enchant weapon {unknown}
 i - a scroll of enchant armour {unknown}
 j - 6 scrolls of identify {unknown}
 k - 3 scrolls of fog {unknown}
 m - a scroll of fear {unknown}
 n - a scroll of teleportation {unknown}
 o - 2 scrolls of immolation {unknown}
 r - 2 scrolls of noise {unknown}
Potions
 b - a potion of magic
 l - a potion of lignification {!q}

Dungeon Overview and Level Annotations

Branches:
Dungeon (3/15)

Altars:

Shops:
D:2

!?? ..##*
#.♣.♣♣P.# , , .
... #<.P._..#
#.##.##...PP..#
,, ,
#..........♣.##
####.##......#
* *
#.......#### *
#.###.#..$.##,,
#$......5.## ,
, , ######@###
, , , *
#...K(.#,, *
#.......#,
#..####.# #. *
.# , , .., ,
,.. *, , . *.#*
, .# ,* * * *


You could see a kobold (ally target) and a friendly white imp (summoned).


Message History

Your crimson imp barely misses the worm.
Your crimson imp hits the worm.
The worm closely misses you.
Your crimson imp hits the worm.
You hit the worm.
Your crimson imp hits the worm.
The worm bites you!
* * * LOW HITPOINT WARNING * * *
😨 HP[-6]
You take 6 damage, and now have 11/28 hp.
MASSIVE DAMAGE!! (PAUSE)
You hit the worm.
Your crimson imp blinks!
You hit the worm.
Your crimson imp blinks!
The worm bites you!
* * * LOW HITPOINT WARNING * * *
😱 HP[-4]
You take 4 damage, and now have 7/28 hp.
You barely miss the worm. The worm closely misses you.
You slash the worm!
You kill the worm!
Your Axes skill increases to level 1!
Okay, then.
Your crimson imp disappears in a puff of smoke!
There is a stone staircase leading down here. 😱 MP[+1]
Your magical essence is drained by the effort!
You feel much better. 😎 HP[+21]
Your hp is fully restored (28).
You climb downwards.
The adder hisses angrily.
Found a scroll labelled YSATRI MEHOHAMEA, a hunting sling and 12 gold pieces.
Found a faded altar of an unknown god.
There is a stone staircase leading up here.
Casting: Call Imp (safe; 9% risk of failure)
Confirm with . or Enter, or press ? or * to list all spells.
You miscast Summon Small Mammal.
You are very lightly contaminated with residual magic.
Nothing appears to happen. 😎 MP[-1]
You lost 1 mp, and now have 2/4 mp.
Casting: Summon Small Mammal (safe; 6% risk of failure)
Confirm with . or Enter, or press ? or * to list all spells.
You miscast Call Imp.
Nothing appears to happen.
The adder bites you. 😎 MP[-2]
You lost 2 mp, and now have 0/4 mp.
Unknown command.
You barely miss the adder. The adder closely misses you. The adder bites you.
You hit the adder. The adder bites you but does no damage.
You barely miss the adder. The adder completely misses you.
The adder bites you. 😕 HP[-2]
You take 2 damage, and now have 26/28 hp.
You closely miss the adder. The adder closely misses you. x2
You closely miss the adder. The adder closely misses you. 😕 MP[+1]
You miss the adder. The adder bites you. x2
You are poisoned.
The adder poisons you! 😕 HP[-1]
You take 1 damage, and now have 25/28 hp.
You miss the adder. The adder closely misses you.
You hit the adder. Lightning courses through the adder!
You kill the adder!
You feel your intelligence returning.
You are no longer poisoned.
r - 2 scrolls labelled YSATRI MEHOHAMEA (gained 1)
Your magical contamination has completely faded away.
There are no items here.
There is a stone staircase leading up, spattered with blood here.
A kobold comes into view. It is wielding a +0 short sword.
You see here 12 gold pieces.
A kobold is nearby! 😕 MP[+3]
Your mp is fully restored (4).
A kobold is nearby!
A kobold is nearby!
A kobold is nearby!
Casting: Call Imp (safe; 9% risk of failure)
Confirm with . or Enter, or press ? or * to list all spells.
A beastly little devil appears in a puff of flame.
The kobold shouts! 😕 MP[-2]
You lost 2 mp, and now have 2/4 mp.
Casting: Call Imp (safe; 9% risk of failure)
Confirm with . or Enter, or press ? or * to list all spells.
A beastly little devil appears in a puff of frigid air.
Your crimson imp disappears in a puff of smoke! 😕 MP[-2]
You lost 2 mp, and now have 0/4 mp.
Casting: Call Imp (safe; 9% risk of failure)
Confirm with . or Enter, or press ? or * to list all spells.
You don't have enough magic to cast this spell.
Casting: Call Imp (safe; 9% risk of failure)
Confirm with . or Enter, or press ? or * to list all spells.
You don't have enough magic to cast this spell.
The kobold hits you with a +0 short sword. 😕 HP[-3]
You take 3 damage, and now have 22/28 hp.
Are you sure you want to abandon this character and quit the game? (Confirm with "yes".)

Skill      XL: |  1  2  3 |
---------------+----------+-----
Armour         | 1 2 3 |  3.2
Axes           | 1 |  1.1
Dodging        | |  2.1
Stealth        | |  2.4
Spellcasting   | |  1.7
Summonings     | |  3.6

Action                   || total
-------------------------++-------
Melee: Hand axe          ||    54
       Unarmed           ||     2
       Short sword       ||    10
 Cast: Summon Small Mamm ||    37
       Call Imp          ||     5
 Abil: Heal Wounds       ||     1
  Use: Potion            ||     6
 Stab: Sleeping          ||     2
Armor: Robe              ||     7
Dodge: Dodged            ||    43

Levels and vault maps discovered:
D:1:      lemuel_arrival_river_bridge, layout_loops_ring
D:2:      layout_basic, serial_shops, nicolae_shop_trees, shop, shop
D:3:      layout_loops_ring, mainiacjoe_overflow_large_starburst,
          nicolae_overflow_hidden_temple, serial_shops, shop,
          nicolae_shop_hallway_stairs, nicolae_shop_advertising_works
          [nicolae_subvault_shop_adworks], ebering_ecumenical_altar_petrified,
          nrook_uturn, minmay_shallow_snake_nest, uniq_grinder, uniq_jessica,
          uniq_crazy_yiuf_cottage, uniq_robin

Notes
Turn   | Place    | Note
-------+----------+-------------------------------------------
     0 | D:1      | spaghetti the Deep Dwarf Summoner began the quest for the
                  | Orb.
     0 | D:1      | Reached XP level 1. HP: 15/15 MP: 3/3
     0 | D:1      | magus.rc [v1.9.6]
    56 | D:2      | Found Lecheh's Magic Scroll Shoppe.
   411 | D:1      | Reached skill level 1 in Armour
   706 | D:1      | Reached XP level 2. HP: 19/22 MP: 4/4
   732 | D:1      | Reached skill level 2 in Armour
   992 | D:1      | Learned a level 2 spell: Call Imp
  1683 | D:2      | Found Oqien's Magic Scroll Shop.
  1776 | D:2      | Reached XP level 3. HP: 26/28 MP: 5/5
  2009 | D:2      | Found Govvuiw's Distillery.
  2190 | D:2      | Reached skill level 3 in Armour
  2472 | D:2      | HP: 7/28 [worm (4)]
  2475 | D:2      | Reached skill level 1 in Axes
  2478 | D:3      | Found a faded altar of an unknown god.
  2528 | D:3      | Quit the game

Vanquished Creatures
  An adder (D:3)
  A worm (D:2)
  A ball python (D:1)
  3 bats
  4 endoplasms (D:1)
  3 goblins (D:1)
  3 hobgoblins
  A quokka (D:2)
  2 frilled lizards
  2 kobolds
  A rat (D:1)
22 creatures vanquished.

Vanquished Creatures (collateral kills)
  3 endoplasms
  2 goblins
  2 kobolds (D:1)
  2 frilled lizards (D:1)
  3 rats (D:1)
12 creatures vanquished.

Grand Total: 34 creatures vanquished

Table legend:
 A = Non-vault XP
 B = Vault XP
 C = Vault XP percentage of total XP
 D = Non-vault monster count
 E = Vault monster count
 F = Vault count percentage of total count
                 A         B        C        D         E       F
            +---------+---------+-------+---------+---------+-------
      Total |      69 |       0 |   0.0 |      34 |       0 |   0.0
            +---------+---------+-------+---------+---------+-------
        D:1 |      38 |       0 |   0.0 |      24 |       0 |   0.0
        D:2 |      18 |       0 |   0.0 |       9 |       0 |   0.0
        D:3 |      13 |       0 |   0.0 |       1 |       0 |   0.0
            +---------+---------+-------+---------+---------+-------

Illustrated notes

Table legend:
 A = Kills in this place as a percentage of kills in entire the game.
 B = Kills by you in this place as a percentage of kills by you in the entire game.
 C = Kills by friends in this place as a percentage of kills by friends in the entire game.
 D = Other kills in this place as a percentage of other kills in the entire game.
 E = Experience gained in this place as a percentage of experience gained in the entire game.
 F = Experience gained in this place divided by the number of levels of this place that you have seen.
                   A       B       C       D       E      F
               +-------+-------+-------+-------+-------+----------------------
         Total | 100.0 | 100.0 | 100.0 |   N/A | 100.0 |  23.0
       Dungeon | 100.0 | 100.0 | 100.0 |   N/A | 100.0 |  23.0
               +-------+-------+-------+-------+-------+----------------------

Table legend: (Time is in decaauts)
 A = Elapsed time spent in this place.
 B = Non-inter-level travel time spent in this place.
 C = Inter-level travel time spent in this place.
 D = Time resting spent in this place.
 E = Time spent auto-exploring this place.
 F = Levels seen in this place.
 G = Mean time per level.
                   A        B        C        D        E       F      G
               +--------+--------+--------+--------+--------+-----+--------+
         Total |   2559 |   2439 |    120 |    578 |   1522 |   3 |  853.0 |
       Dungeon |   2559 |   2439 |    120 |    578 |   1522 |   3 |  853.0 |
               +--------+--------+--------+--------+--------+-----+--------+

Top non-repeatable levels by time:
     D:1: 1552 daAuts
     D:2: 954 daAuts
     D:3: 51 daAuts
